 Dungeon Crawl Stone Soup version 0.29-a0-317-gd16b76e6b1 (webtiles) character file.

Game seed: 6104328108680435928

13332 Ajdolov the Grappler (level 12, -3/71 HPs)
             Began as a Vine Stalker Cinder Acolyte on Mar 30, 2022.
             Was an Elder of Ignis.
             Slain by an entropy weaver simulacrum (7 damage)
             ... in an ice cave.
             The game lasted 00:19:51 (10698 turns).

Ajdolov the Grappler (Vine Stalker Cinder Acolyte) Turns: 10698, Time: 00:19:51

Health: -3/71      AC: 21    Str: 22    XL:     12   Next: 4%
Magic:  0/14       EV:  6    Int: 14    God:    Ignis [****..]
Gold:   1035       SH:  5    Dex: 10    Spells: 13/13 levels left

rFire   . . .      SeeInvis .     - Unarmed
rCold   + . .      Faith    .   (no shield)
rNeg    . . .      Spirit   +   F - +3 plate armour
rPois   .          Reflect  +   w - +0 helmet
rElec   .          Harm     .   M - +0 cloak
rCorr   .          Rampage  .   (no gloves)
Will    +....                   m - +2 pair of boots
Stlth   ..........              j - amulet of reflection
HPRegen 1.01/turn               J - ring of flight
MPRegen 0.14/turn               d - ring of ice

@: flying
A: fangs 3, regeneration 1, magic shield, antimagic bite, no potion heal 2
a: Renounce Religion, Fiery Armour, Foxfire Swarm, Rising Flame


You were in an ice cave.
You worshipped Ignis.
Ignis was greatly pleased with you.
You visited 2 branches of the dungeon, and saw 12 of its levels.
You also visited: Bailey and Ice Cave.

You collected 1139 gold pieces.
You spent 104 gold pieces at shops.

Inventory:

Missiles
 B - 12 curare-tipped darts (quivered)
Armour
 m - a +2 pair of boots (worn)
 w - a +0 helmet (worn)
 F - a +3 plate armour (worn)
 M - a +0 cloak (worn)
Jewellery
 d - a ring of ice (right hand)
 j - an amulet of reflection (around neck)
 J - a ring of flight (left hand)
Wands
 f - a wand of polymorph (5)
 o - a wand of flame (25)
 y - a wand of mindburst (16)
 z - a wand of acid (9)
 D - a wand of digging (13)
Scrolls
 c - 5 scrolls of enchant armour {unknown}
 e - 2 scrolls of silence {unknown}
 g - a scroll of noise {unknown}
 i - 2 scrolls of fog {unknown}
 k - 2 scrolls of blinking
 l - a scroll of acquirement {unknown}
 p - 9 scrolls of teleportation
 r - 4 scrolls of vulnerability {unknown}
 s - 2 scrolls of brand weapon {unknown}
 v - 3 scrolls of amnesia {unknown}
 H - 2 scrolls of identify
 K - a scroll of torment {unknown}
Potions
 a - 2 potions of invisibility
 b - 3 potions of attraction {unknown}
 h - a potion of resistance {unknown}
 n - a potion of brilliance {unknown}
 q - 2 potions of flight {unknown}
 t - 2 potions of ambrosia {unknown}
 u - 2 potions of degeneration {unknown}
 x - 2 potions of lignification
 A - 3 potions of cancellation
 C - a potion of haste
 E - a potion of mutation
 G - 2 potions of might
 I - a potion of heal wounds {unknown}
 L - a potion of magic {unknown}


   Skills:
 - Level 12.0 Fighting
 * Level 5.2 Armour
 - Level 13.0 Unarmed Combat
 - Level 1.1 Spellcasting
 - Level 3.0 Fire Magic


You had 13 spell levels left.
You didn't know any spells.
Your spell library contained the following spells:

 Spells                   Type           Power      Damage    Failure   Level
 Scorch                   Fire           18%        2d5       92%         2
 Animate Skeleton         Necr           0%         N/A       99%         1
 Apportation              Tloc           0%         N/A       99%         1
 Summon Small Mammal      Summ           0%         N/A       99%         1
 Static Discharge         Conj/Air       0%         N/A       100%        2
 Gell's Gravitas          Tloc           0%         N/A       100%        3
 Ignite Poison            Fire/Tmut/Pois 3%         N/A       100%        3
 Lesser Beckoning         Tloc           0%         N/A       100%        3
 Mephitic Cloud           Conj/Pois/Air  0%         N/A       100%        3
 Teleport Other           Tloc           0%         N/A       100%        3
 Dispel Undead            Necr           0%         3d6       100%        4
 Sticky Flame             Conj/Fire      4%         2d3       100%        4
 Freezing Cloud           Conj/Ice/Air   0%         6-21      100%        5
 Lightning Bolt           Conj/Air       0%         1d11      100%        5
 Maxwell's Capacitive Co  Air            0%         ∞         100%        8


Dungeon Overview and Level Annotations

Branches:
Dungeon (11/15)            Temple (1/1) D:4            Lair (0/6) D:8
 Bailey (visited)           IceCv (1/1)
    Orc: D:9-12

Altars:
Ashenzari
Cheibriados
Dithmenos
Elyvilon
Fedhas
Gozag
Hepliaklqana
Kikubaaqudgha
Makhleb
Nemelex Xobeh
Okawaru
Qazlal
Ru
Sif Muna
Trog
Uskayaw
Vehumet
Wu Jian
Xom
Yredelemnul
Zin
The Shining One

Shops:
D:2 *   D:4 *   D:7 ?   D:8 :   D:10 (


Innate Abilities, Weirdness & Mutations

You have razor-sharp teeth.
Your natural rate of healing is unusually fast.
When hurt, damage is shared between your health and your magic reserves.
Your bite disrupts and absorbs the magic of your enemies.
Potions cannot restore your health.


Message History

You barely miss the white ugly thing. You bite the white ugly thing!
You drain its power.
You feel invigorated.
The white ugly thing is heavily wounded.
The white ugly thing gores you but does no damage.
The entropy weaver simulacrum completely misses you.
The entropy weaver simulacrum hits you but does no damage.
The entropy weaver simulacrum hits you.
The entropy weaver simulacrum freezes you!
You resist.
You block the entropy weaver simulacrum's attack.
You closely miss the white ugly thing. You bite the white ugly thing!
You drain its power.
You feel invigorated.
The white ugly thing is heavily wounded.
The death yak simulacrum barely misses you.
The white ugly thing barely misses you.
You punch the white ugly thing! Your punch misses the white ugly thing.
The white ugly thing is severely wounded.
The entropy weaver simulacrum hits you.
The entropy weaver simulacrum freezes you!
You resist.
The entropy weaver simulacrum hits you but does no damage.
The entropy weaver simulacrum hits you.
The entropy weaver simulacrum freezes you!
You resist.
The entropy weaver simulacrum hits you but does no damage.
You punch the white ugly thing! Your bite misses the white ugly thing.
The white ugly thing is almost dead.
The white ugly thing gores you.
* * * LOW HITPOINT WARNING * * *
The white ugly thing freezes you! You resist.
* * * LOW HITPOINT WARNING * * *
The death yak simulacrum gores you but does no damage.
The entropy weaver simulacrum hits you but does no damage.
You block the entropy weaver simulacrum's attack.
The entropy weaver simulacrum hits you but does no damage.
The entropy weaver simulacrum hits you!
* * * LOW HITPOINT WARNING * * *
The entropy weaver simulacrum freezes you!
You resist.
You die...

#######
##..∩..##
##...∩...##
#....Z@...#
#.....ZuZ...#
#......Z....#
#...........#
#.............#
#....8...8....#
#......[......#
##....$$?....##


You could see a white ugly thing, a death yak simulacrum, 2 elephant simulacra
and an entropy weaver simulacrum.

Vanquished Creatures
  3 two-headed ogres
  Erica (D:10)
  3 death yaks (D:7)
  A cyclops (D:11)
  Maurice (D:9)
  Joseph (D:7)
  Maggie (D:5)
  2 kobold demonologists (D:10)
  A troll (D:10)
  A hornet (D:8)
  2 polar bears (D:9)
  Sigmund (D:4)
  2 wyverns (D:9)
  Grum (D:9)
  An acid dragon (D:8)
  3 water moccasins
  3 ice beasts
  A sky beast (D:7)
  6 orc warriors
  2 ogres (D:7)
  6 wolves (D:9)
  6 centaurs
  A phantom (D:6)
  6 bullfrogs
  9 kobold brigands
  Blork the orc (D:6)
  4 scorpions
  2 gnoll sergeants
  2 necrophages
  7 wights
  A killer bee (D:8)
  2 electric eels (D:9)
  12 howler monkeys
  3 jellies
  3 hounds
  5 orc priests
  2 iguanas
  6 orc wizards
  A hell rat (D:8)
  A troll simulacrum (D:11)
  5 centaur simulacra (D:9)
  9 gnolls
  A naga simulacrum (D:11)
  6 adders
  5 river rats (D:8)
  4 white imps
  3 worms (D:4)
  3 dart slugs
  44 orcs
  3 bats
  6 endoplasms
  4 giant cockroaches (D:4)
  10 hobgoblins
  2 jackals (D:2)
  A quokka (D:1)
  6 ball pythons
  4 frilled lizards
  12 goblins
  24 kobolds
  6 rats
275 creatures vanquished.

Vanquished Creatures (others)
  17 foxfires (Bailey)
17 creatures vanquished.

Grand Total: 292 creatures vanquished

Notes
Turn   | Place    | Note
-------+----------+-------------------------------------------
     0 | D:1      | Ajdolov the Vine Stalker Cinder Acolyte began the quest for
                  | the Orb.
     0 | D:1      | Reached XP level 1. HP: 11/11 MP: 3/3
   411 | D:1      | Reached XP level 2. HP: 13/16 MP: 4/4
  1102 | D:1      | Reached XP level 3. HP: 20/20 MP: 5/5
  1697 | D:2      | Found Muschui's Assorted Antiques.
  2260 | D:3      | Reached skill level 4 in Unarmed Combat
  2260 | D:3      | Gained mutation: Your natural rate of healing is unusually
                  | fast. [Vine Stalker growth]
  2260 | D:3      | Reached XP level 4. HP: 5/25 MP: 6/6
  2363 | D:3      | Found a faded altar of an unknown god.
  3365 | D:3      | Reached XP level 5. HP: 29/29 MP: 7/7
  3468 | D:4      | Noticed a kobold brigand
  3487 | D:4      | Killed a kobold brigand
  3488 | D:4      | Reached skill level 5 in Unarmed Combat
  3488 | D:4      | Reached XP level 6. HP: 6/34 MP: 0/8
  3628 | D:4      | Found a snail-covered altar of Cheibriados.
  3752 | D:4      | Reached skill level 5 in Fighting
  3785 | D:4      | Found a staircase to the Ecumenical Temple.
  3817 | Temple   | Entered the Ecumenical Temple
  4246 | D:4      | Found Goap's Gadget Gallery.
  4522 | D:5      | Entered Level 5 of the Dungeon
  4522 | D:5      | Noticed a water moccasin
  4681 | D:5      | Found a hazy altar of Hepliaklqana.
  4763 | D:5      | Reached XP level 7. HP: 39/39 MP: 9/9
  4862 | D:5      | Noticed Sigmund
  4962 | D:4      | Reached skill level 6 in Unarmed Combat
  4982 | D:4      | Killed Sigmund
  5355 | D:5      | Reached skill level 7 in Unarmed Combat
  5355 | D:5      | Gained mutation: You have razor-sharp teeth. [Vine Stalker
                  | growth]
  5355 | D:5      | Reached XP level 8. HP: 38/45 MP: 8/10
  5901 | D:6      | Noticed Blork the orc
  6025 | D:6      | Noticed Maggie
  6038 | D:5      | Reached skill level 8 in Unarmed Combat
  6053 | D:5      | Killed Maggie
  6054 | D:5      | Reached XP level 9. HP: 17/51 MP: 6/11
  6384 | D:6      | Killed Blork the orc
  6742 | D:7      | Found Estuowav's Magic Scroll Shoppe.
  6752 | D:7      | Bought a scroll of identify for 22 gold pieces
  6752 | D:7      | Bought a scroll of blinking for 82 gold pieces
  6779 | D:7      | Reached skill level 9 in Unarmed Combat
  6781 | D:7      | Noticed Joseph
  6800 | D:7      | Killed Joseph
  7122 | D:7      | Found a flagged portal.
  7133 | Bailey   | Entered a bailey
  7292 | Bailey   | Reached skill level 10 in Unarmed Combat
  7358 | Bailey   | Reached XP level 10. HP: 36/58 MP: 8/12
  7418 | Bailey   | Found an iron altar of Okawaru.
  7983 | D:8      | Noticed a death yak
  7983 | D:8      | Noticed a death yak
  8035 | D:7      | Killed a death yak
  8036 | D:7      | Reached skill level 10 in Fighting
  8036 | D:7      | Reached skill level 11 in Unarmed Combat
  8059 | D:8      | Noticed a death yak
  8078 | D:7      | Killed a death yak
  8101 | D:7      | Killed a death yak
  8166 | D:8      | Found Otahiqa's Book Shoppe.
  8337 | D:8      | Found a sacrificial altar of Ru.
  8443 | D:8      | Found a staircase to the Lair.
  8447 | D:8      | Reached XP level 11. HP: 65/65 MP: 13/13
  8522 | D:8      | Reached skill level 12 in Unarmed Combat
  8769 | D:9      | Noticed a two-headed ogre
  8802 | D:9      | Killed a two-headed ogre
  8877 | D:9      | Found a shadowy altar of Dithmenos.
  9011 | D:9      | Noticed Grum
  9033 | D:9      | Noticed a two-headed ogre
  9103 | D:9      | Killed a two-headed ogre
  9118 | D:9      | Killed Grum
  9376 | D:9      | Found a glowing silver altar of Zin.
  9576 | D:9      | Reached skill level 13 in Unarmed Combat
  9741 | D:10     | Entered Level 10 of the Dungeon
  9872 | D:10     | Reached skill level 1 in Armour
  9965 | D:10     | Noticed Erica
  9976 | D:10     | Killed Erica
 10002 | D:10     | Noticed Maurice
 10039 | D:9      | Killed Maurice
 10146 | D:10     | Found Uzido's Weapon Boutique.
 10491 | D:10     | Found an ornate altar of the Wu Jian Council.
 10491 | D:10     | Found a burning altar of Makhleb.
 10543 | D:11     | Noticed a cyclops
 10549 | D:11     | Killed a cyclops
 10590 | D:11     | Noticed a two-headed ogre
 10608 | D:11     | Killed a two-headed ogre
 10609 | D:11     | Reached skill level 5 in Armour
 10609 | D:11     | Reached XP level 12. HP: 71/71 MP: 14/14
 10637 | D:11     | Found a frozen archway.
 10686 | IceCv    | Entered an ice cave
 10698 | IceCv    | Slain by an entropy weaver simulacrum

Illustrated notes

Levels and vault maps discovered:
D:1:      giann_wishing_wells, layout_basic
D:2:      layout_loops_ring, serial_shops, nicolae_lakefront_shop,
          minmay_misc_feat_pillars
D:3:      minmay_diamond_boxcup, layout_loops_corners,
          shapermc_ecumenical_altar_mp_vishouse
D:4:      kennysheep_big_flooded_room, layout_basic, slow_altar_1,
          minmay_temple_entry_large_hall, interstate_on_off,
          nicolae_shop_gadgets
D:5:      layout_basic, nicolae_overflow_crystal_walls,
          hangedman_abyss_or_decor_stagger, uniq_sigmund
D:6:      layout_rooms, uniq_maggie, uniq_crazy_yiuf_cottage, uniq_blork_the_orc
D:7:      layout_loops_cross, serial_shops, shop_scrolls, enter_bailey_2,
          uniq_joseph
D:8:      minmay_razor_zed, layout_loops_ring, nicolae_ru_path_of_blood,
          dpeg_lair_monsters, serial_shops, nicolae_shop_trees
D:9:      layout_basic, lemuel_tele_altar, mainiacjoe_overflow_chevrons,
          serial_ice, serial_ice_i, serial_ice_b, serial_ice_d, serial_ice_e,
          uniq_grum
D:10:     layout_cave_pools, gammafunk_temple_overflow_pools, serial_glass,
          glass_columns_b, glass_columns_a, serial_shops, shop, minivault_23,
          chequers_serial_rivers_micro_d, uniq_maurice, uniq_erica
D:11:     layout_roguey, serial_shops, nicolae_shop_bloodbath_and_beyond,
          portal_ice_cave_entry_ice_simulacra, nicolae_alphabet_shops,
          minmay_quadrilaterals
Temple:   regret_index_temple_generic_petals
IceCv:    ice_cave_statue_garden_transporter

Skill      XL: |  1  2  3  4  5  6  7  8  9 10 11 |
---------------+----------------------------------+-----
Fighting       | 3 4 5 6 7 9 11 12 | 12.0
Unarmed Combat | 4 5 7 8 10 11 13 | 13.0
Armour         | 5 |  5.2
Spellcasting   | |  1.1
Fire Magic     | |  3.0

Action                   |  1- 3 |  4- 6 |  7- 9 | 10-12 || total
-------------------------+-------+-------+-------+-------++-------
Melee: Unarmed           |   131 |   191 |   251 |   362 ||   935
       Bite              |    22 |    48 |    69 |   105 ||   244
       Punch             |     2 |     5 |    11 |    23 ||    41
Throw: Dart              |       |       |     9 |    10 ||    19
Invok: Foxfire Swarm     |       |       |     2 |       ||     2
       Fiery Armour      |       |       |     1 |       ||     1
Evoke: Wand              |       |       |     3 |     3 ||     6
  Use: Potion            |       |     2 |     3 |     1 ||     6
       Scroll            |       |       |       |     7 ||     7
Armor: Robe              |     6 |       |       |       ||     6
       Ring mail         |    36 |    55 |    17 |       ||   108
       Scale mail        |       |       |    49 |       ||    49
       Acid dragon scale |       |       |    39 |       ||    39
       Plate armour      |       |       |     5 |   262 ||   267
Dodge: Dodged            |    58 |    76 |    92 |    91 ||   317
Block: Other             |       |    24 |    57 |    82 ||   163
       Reflection        |       |       |     3 |     6 ||     9

Table legend: (Time is in decaauts)
 A = Elapsed time spent in this place.
 B = Non-inter-level travel time spent in this place.
 C = Inter-level travel time spent in this place.
 D = Time resting spent in this place.
 E = Time spent auto-exploring this place.
 F = Levels seen in this place.
 G = Mean time per level.
                   A        B        C        D        E       F      G
               +--------+--------+--------+--------+--------+-----+--------+
         Total |  10601 |  10059 |    542 |    366 |   7249 |  14 |  757.2 |
       Dungeon |   9990 |   9469 |    521 |    318 |   6907 |  11 |  908.2 |
        Temple |    237 |    216 |     21 |      0 |    207 |   1 |  237.0 |
        Bailey |    364 |    364 |      0 |     47 |    135 |   1 |  364.0 |
      Ice Cave |      9 |      9 |      0 |      0 |      0 |   1 |    9.0 |
               +--------+--------+--------+--------+--------+-----+--------+

Top non-repeatable levels by time:
     D:5: 1256 daAuts
     D:1: 1176 daAuts
     D:3: 1137 daAuts
     D:4: 1088 daAuts
     D:2: 1040 daAuts
     D:9: 978 daAuts
     D:8: 945 daAuts
     D:7: 820 daAuts
    D:10: 765 daAuts
     D:6: 641 daAuts
  Bailey: 364 daAuts
  Temple: 237 daAuts
    D:11: 140 daAuts
   IceCv: 9 daAuts
